 Dungeon Crawl Stone Soup version 0.29-a0-303-ge4682ce883 (webtiles) character file.

Game seed: 5530240053495474126

15226 Dabor the Cleaver (level 12, -16/108 HPs)
             Began as a Hill Orc Monk on Mar 25, 2022.
             Was a High Priest of Beogh.
             Killed from afar by a black draconian (17 damage)
             ... with a bolt of lightning
             ... on level 4 of the Abyss.
             The game lasted 00:35:49 (19399 turns).

Dabor the Cleaver (Hill Orc Monk)                  Turns: 19399, Time: 00:35:50

Health: -16/108    AC: 23    Str: 25    XL:     12   Next: 24%
Magic:  19/19      EV: 11    Int:  8    God:    Beogh [*****.]
Gold:   691        SH:  0    Dex: 13    Spells: 11/11 levels left

rFire   . . .      SeeInvis +   E - +3 executioner's axe (venom)
rCold   . . .      Faith    .   (shield currently unavailable)
rNeg    . . .      Spirit   .   s - +3 chain mail {rPois}
rPois   +          Reflect  .   z - +2 helmet
rElec   .          Harm     .   A - +2 cloak
rCorr   .          Rampage  .   (no gloves)
Will    .....                   (no boots)
Stlth   ..........              u - amulet of magic regeneration
HPRegen 0.28/turn               e - +6 ring of strength
MPRegen 0.56/turn               o - ring of see invisible

@: no status effects
A: walk on water, iridescent scales 1, dopey 1, poison resistance
a: Renounce Religion, Smiting, Recall Orcish Followers, Give Item to Named
Follower


You were on level 4 of the Abyss.
You worshipped Beogh.
Beogh was extremely pleased with you.
You visited 2 branches of the dungeon, and saw 14 of its levels.
You visited the Abyss 1 time.

You collected 691 gold pieces.

Inventory:

Hand Weapons
 b - a +3 hand axe
 E - a +3 executioner's axe of venom (weapon)
Missiles
 j - 2 boomerangs
 k - 21 poisoned darts (quivered)
 w - 4 atropa-tipped darts
Armour
 d - a +0 pair of boots
 s - a +3 chain mail of poison resistance (worn)
 x - a +0 plate armour
 z - a +2 helmet (worn)
 A - a +2 cloak (worn)
 B - a +2 buckler
Jewellery
 e - a +6 ring of strength (left hand)
 o - a ring of see invisible (right hand)
 q - a +6 ring of dexterity
 u - an amulet of magic regeneration (around neck)
Wands
 g - a wand of flame (20)
 v - a wand of charming (5)
 y - a wand of mindburst (2)
 D - a wand of iceblast (1)
 F - a wand of paralysis (3)
Scrolls
 h - 2 scrolls of amnesia
 n - 3 scrolls of magic mapping
 r - 2 scrolls of identify
 G - a scroll of enchant armour
Potions
 f - a potion of mutation
 m - a potion of degeneration
 p - 3 potions of magic
 t - a potion of lignification


   Skills:
 * Level 10.8 Fighting
 * Level 11.7 Axes
 - Level 4.0 Throwing
 * Level 9.2 Armour
 * Level 7.6 Dodging
 - Level 1.5 Stealth
 - Level 1.2 Shields
 + Level 9.3 Invocations
 - Level 5.0 Evocations


You had 11 spell levels left.
You didn't know any spells.
Your spell library contained the following spells:

 Spells                   Type           Power      Damage    Failure   Level
 Shock                    Conj/Air       0%         1d3       92%         1
 Blink                    Tloc           0%         N/A       98%         2
 Corpse Rot               Necr/Air       0%         N/A       98%         2
 Dazzling Flash           Conj/Hex       0%         N/A       100%        3
 Ignite Poison            Fire/Tmut/Pois 0%         N/A       100%        3
 Lesser Beckoning         Tloc           0%         N/A       100%        3
 Mephitic Cloud           Conj/Pois/Air  0%         N/A       100%        3
 Swiftness                Air            0%         N/A       100%        3
 Airstrike                Air            0%         N/A       100%        4
 Dispel Undead            Necr           0%         3d6       100%        4
 Iskenderun's Mystic Bla  Conj/Tloc      0%         2d3       100%        4
 Summon Ice Beast         Ice/Summ       0%         N/A       100%        4
 Fireball                 Conj/Fire      0%         3d3       100%        5
 Freezing Cloud           Conj/Ice/Air   0%         6-21      100%        5
 Manifold Assault         Tloc           0%         N/A       100%        5
 Summon Mana Viper        Hex/Summ       0%         N/A       100%        5
 Death Channel            Necr           0%         N/A       100%        6
 Starburst                Conj/Fire      0%         6d3       100%        6
 Monstrous Menagerie      Summ           0%         N/A       100%        7
 Ignition                 Fire           0%         3d3       100%        8
 Chain Lightning          Conj/Air       0%         N/A       100%        9
 Fire Storm               Conj/Fire      0%         5d1       100%        9
 Shatter                  Erth           0%         3d5*      100%        9


Dungeon Overview and Level Annotations

Branches:
Dungeon (11/15)            Temple (0/1) D:6            Lair (3/6) D:10
 Shoals (0/4) Lair:2
  Snake: Lair:2-4    Spider: Lair:2-4       Orc: D:9-12

Altars:
Okawaru

Annotations:
D:8 3 runed translucent doors, Thargor's ghost, novice DjFE
Lair:3 Rupert


Innate Abilities, Weirdness & Mutations

You can walk on water.
You are partially covered in iridescent scales. (AC +2)
You are dopey. (Int -2)
Your system is resistant to poisons. (rPois)


Message History

The small abomination attacks as you move away!
The small abomination hits you!
* * * LOW HITPOINT WARNING * * *
You completely miss the small abomination.
The small abomination hits you but does no damage. x2
You slash the small abomination!
The small abomination is heavily damaged.
The small abomination barely misses you.
The fire elemental barely misses you. The small abomination misses you.
You slice the small abomination!!
You destroy the small abomination!
That felt strangely unrewarding.
You closely miss the fire elemental. The fire elemental hits you.
The fire elemental burns you!
* * * LOW HITPOINT WARNING * * *
A smoke demon comes into view.
The black draconian is engulfed in blazing flames.
The fire elemental hits you. The fire elemental burns you!
* * * LOW HITPOINT WARNING * * *
The black draconian is engulfed in blazing flames.
The black draconian is engulfed in blazing flames.
The fire elemental hits you. The fire elemental burns you!
* * * LOW HITPOINT WARNING * * *
Okay, then.
Okay, then.
The smoke demon gestures at you. Something smites you!
* * * LOW HITPOINT WARNING * * *
The black draconian is engulfed in blazing flames.
You barely miss the smoke demon.
The smoke demon hits you but does no damage.
The smoke demon barely misses you.
The smoke demon hits you but does no damage.
The smoke demon closely misses you.
The smoke demon hits you but does no damage.
The smoke demon barely misses you.
You slash the smoke demon!
The smoke demon is heavily wounded.
The black draconian breathes lightning at you.
The bolt of lightning hits you!
You die...

# .## ## ### ...
#..##..##.#
#..#..#... .# .
.#. ......# ##.
#....#.#..###...
#..@3...# ##
#...###.E#..#.#
#. #...d°....#
.# ###.##°..###
#...##.####...#
#.
#...###.○....#
#..
#....°.####.#
#...##...## #
#.#... .#####


You could see a black draconian (catching breath), a smoke demon and a fire
elemental.

Vanquished Creatures
  A two-headed ogre (D:9)
  A manticore (D:11)
  Maurice (D:11)
  4 cane toads
  An unseen horror (D:11)
  A polar bear (D:9)
  2 trolls (D:9)
  7 blink frogs
  2 wraiths
  A wyvern (D:9)
  A shadow (D:10)
  A basilisk (Lair:2)
  4 yaks
  3 fire bats (D:9)
  2 steam dragons
  A small abomination (Abyss:4)
  3 water moccasins
  2 acid dragons
  A large abomination (Abyss:4)
  5 black bears
  2 sky beasts (D:7)
  An ice beast (D:6)
  4 orc warriors
  9 wolves
  2 ogres
  3 centaurs
  A phantom (D:5)
  11 bullfrogs
  2 kobold brigands (D:8)
  A necrophage (D:4)
  4 scorpions
  2 gnoll sergeants
  6 wights
  3 killer bees (D:9)
  2 electric eels (D:9)
  2 lava snakes (D:9)
  2 hounds (D:5)
  2 gnoll shamans
  4 orc priests
  An iguana (D:6)
  6 orc wizards
  Natasha (thrice) (D:2)
  A centaur simulacrum (D:9)
  16 gnolls
  6 adders
  A shadow imp (D:7)
  2 white imps
  An ufetubus (D:9)
  2 dart slugs (D:4)
  13 orcs
  5 ball pythons
  2 endoplasms
  4 giant cockroaches
  5 goblins
  A hobgoblin (D:2)
  3 jackals (D:3)
  18 kobolds
  3 quokkas
  5 bats
  3 frilled lizards
  2 rats
  2 fire vortices (D:9)
212 creatures vanquished.

Vanquished Creatures (collateral kills)
  A two-headed ogre (D:10)
  3 cane toads
  A komodo dragon (Lair:2)
  A troll (D:10)
  3 polar bears
  A blink frog (Lair:2)
  A snapping turtle (Lair:2)
  A shadow (D:10)
  A wraith (D:7)
  A vampire (D:11)
  4 yaks (Lair:2)
  A water moccasin (Lair:1)
  A hell hound (D:9)
  An orc warrior (D:11)
  4 black bears (D:10)
  A centaur (D:7)
  2 wolves (Lair:1)
  A kobold brigand (D:6)
  A bullfrog (Lair:2)
  A gnoll sergeant (D:8)
  2 scorpions (D:6)
  2 wights (D:6)
  A killer bee (D:9)
  An electric eel (D:9)
  A howler monkey (D:7)
  3 orc priests
  An orc wizard (D:10)
  A white imp (D:6)
  9 orcs
  A kobold (D:6)
53 creatures vanquished.

Vanquished Creatures (others)
  2 orc warriors
  A fire bat (D:9)
  2 orc priests
  2 orc wizards
  2 gnolls
  10 orcs
  A fire vortex (D:9)
  17 fungi
  36 plants
73 creatures vanquished.

Grand Total: 338 creatures vanquished

Notes
Turn   | Place    | Note
-------+----------+-------------------------------------------
     0 | D:1      | Dabor the Hill Orc Monk began the quest for the Orb.
     0 | D:1      | Reached XP level 1. HP: 19/19 MP: 1/1
   135 | D:1      | Reached XP level 2. HP: 27/27 MP: 2/2
   252 | D:1      | You fall into a shaft and drop 1 floor!
   364 | D:2      | Reached skill level 1 in Armour
   368 | D:2      | Reached XP level 3. HP: 31/33 MP: 3/3
   423 | D:2      | Became a worshipper of Beogh the Brigand
   423 | D:2      | Reached * piety under Beogh
   423 | D:2      | Reached ** piety under Beogh
   430 | D:2      | Reached XP level 4. HP: 19/40 MP: 4/4
   711 | D:2      | Noticed Natasha
   717 | D:2      | Killed Natasha
   777 | D:2      | Reached skill level 5 in Axes
   802 | D:2      | Reached XP level 5. HP: 38/47 MP: 5/5
  1035 | D:2      | Noticed Natasha
  1041 | D:2      | Killed Natasha
  1385 | D:2      | Noticed Natasha
  1409 | D:2      | Killed Natasha
  2348 | D:3      | Reached skill level 5 in Fighting
  2348 | D:3      | Reached XP level 6. HP: 51/56 MP: 6/6
  2487 | D:3      | Noticed a black bear
  2505 | D:3      | Killed a black bear
  2506 | D:3      | Reached skill level 1 in Invocations
  3408 | D:4      | Reached skill level 1 in Throwing
  3757 | D:4      | Reached skill level 6 in Axes
  3757 | D:4      | Reached XP level 7. HP: 59/61 MP: 8/8
  3986 | D:4      | Found an iron altar of Okawaru.
  4331 | D:5      | Entered Level 5 of the Dungeon
  4530 | D:5      | Reached *** piety under Beogh
  5092 | D:5      | Reached skill level 1 in Evocations
  5092 | D:5      | Reached XP level 8. HP: 54/70 MP: 10/10
  5725 | D:5      | Gained mutation: You have large cloven feet. [potion of
                  | mutation]
  5725 | D:5      | Gained mutation: You have hoof-like feet. [potion of
                  | mutation]
  5725 | D:5      | Gained mutation: You are occasionally teleported next to
                  | monsters. [potion of mutation]
  5726 | D:5      | Lost mutation: You are occasionally teleported next to
                  | monsters. [potion of mutation]
  5726 | D:5      | Lost mutation: You have hoof-like feet. [potion of
                  | mutation]
  5726 | D:5      | Gained mutation: Your system is resistant to poisons.
                  | (rPois) [potion of mutation]
  5726 | D:5      | Gained mutation: You have hoof-like feet. [potion of
                  | mutation]
  5855 | D:6      | Reached skill level 7 in Axes
  6445 | D:6      | Reached XP level 9. HP: 27/78 MP: 12/12
  6670 | D:6      | Reached skill level 5 in Armour
  6943 | D:6      | Found a staircase to the Ecumenical Temple.
  7208 | D:6      | Reached skill level 5 in Invocations
  7621 | D:6      | Reached skill level 5 in Dodging
  7776 | D:6      | Reached skill level 8 in Axes
  8096 | D:7      | Reached **** piety under Beogh
  9218 | D:7      | Reached XP level 10. HP: 73/88 MP: 14/14
  9548 | D:8      | Found a runed translucent gate.
  9548 | D:8      | Found a runed translucent gate.
  9548 | D:8      | Found a runed translucent gate.
  9552 | D:8      | Noticed Thargor's ghost (novice DjFE)
 10981 | D:9      | Reached skill level 9 in Axes
 11780 | D:9      | Reached skill level 5 in Evocations
 12471 | D:9      | Reached XP level 11. HP: 93/95 MP: 16/16
 12899 | D:9      | Noticed a two-headed ogre
 12911 | D:9      | Killed a two-headed ogre
 13489 | D:9      | Lost mutation: Your system is resistant to poisons. (rPois)
                  | [potion of mutation]
 13489 | D:9      | Lost mutation: You have hoof-like feet. [potion of
                  | mutation]
 13489 | D:9      | Lost mutation: You have large cloven feet. [potion of
                  | mutation]
 13489 | D:9      | Gained mutation: You sometimes lose the ability to read
                  | scrolls when taking damage. [potion of mutation]
 13489 | D:9      | Gained mutation: Your flesh is cold resistant. (rC+)
                  | [potion of mutation]
 13490 | D:9      | Lost mutation: You sometimes lose the ability to read
                  | scrolls when taking damage. [potion of mutation]
 13490 | D:9      | Lost mutation: Your flesh is cold resistant. (rC+) [potion
                  | of mutation]
 13490 | D:9      | Gained mutation: You are partially covered in iridescent
                  | scales. (AC +2) [potion of mutation]
 13490 | D:9      | Gained mutation: You are dopey. (Int -2) [potion of
                  | mutation]
 13490 | D:9      | Gained mutation: Your system is resistant to poisons.
                  | (rPois) [potion of mutation]
 14089 | D:10     | Entered Level 10 of the Dungeon
 14119 | D:10     | Reached skill level 10 in Axes
 14397 | D:10     | Found a staircase to the Lair.
 14559 | D:10     | Identified the +7 dagger "Imeoxas" {vorpal, rPois rC-
                  | Dex+2}
 14930 | D:10     | Noticed a two-headed ogre
 14942 | D:10     | Killed a two-headed ogre
 14943 | D:10     | Reached skill level 1 in Shields
 15552 | D:11     | Identified a scroll of acquirement
 15553 | D:11     | Acquired a +2 executioner's axe of venom
 15879 | D:11     | Noticed a manticore
 15885 | D:11     | Killed a manticore
 15959 | D:11     | Noticed Maurice
 15964 | D:11     | Killed Maurice
 16671 | Lair:1   | Entered Level 1 of the Lair of Beasts
 16854 | Lair:1   | Reached skill level 10 in Fighting
 17004 | Lair:1   | Reached skill level 11 in Axes
 17220 | Lair:1   | Reached ***** piety under Beogh
 17930 | Lair:2   | Reached XP level 12. HP: 105/107 MP: 18/18
 18700 | Lair:2   | Found a staircase to the Shoals.
 19081 | Lair:3   | Noticed Rupert
 19089 | Lair:3   | Paralysed by Rupert for 3 turns
 19089 | Lair:3   | Cast into level 4 of the Abyss (Rupert)
 19162 | Abyss:4  | Noticed a bone dragon
 19215 | Abyss:4  | Noticed a starcursed mass
 19273 | Abyss:4  | Noticed a starcursed mass
 19346 | Abyss:4  | Noticed a thrashing horror
 19346 | Abyss:4  | Noticed a thrashing horror
 19347 | Abyss:4  | Noticed a black draconian
 19347 | Abyss:4  | Noticed a thrashing horror
 19348 | Abyss:4  | Noticed a thrashing horror
 19397 | Abyss:4  | HP: 1/108 [smoke demon/divine providence (12)]
 19399 | Abyss:4  | Killed from afar by a black draconian

Illustrated notes

Levels and vault maps discovered:
D:1:      eino_arrival_water_cross, layout_rooms, serial_bayou_lagoon_a
D:2:      cheibrodos_pilgrimage, layout_basic, serial_rivers,
          chequers_serial_rivers_micro_e, chequers_serial_rivers_marsh,
          chequers_serial_rivers_micro_c, chequers_serial_rivers_room_b,
          chequers_serial_rivers_micro_b, uniq_natasha
D:3:      layout_basic, kennysheep_big_empty_room, minmay_quantized
D:4:      layout_basic, lemuel_round_altar
D:5:      layout_basic
D:6:      layout_loops_corners, temple_statues, minmay_strange_pillars,
          grunt_ministairs_11, serial_park_tiny_2
D:7:      layout_basic, amcnicky_mini_corridor_feature, feat_on_display
D:8:      layout_basic, gammafunk_ghost_nasty_kobolds
D:9:      layout_layer_cave, serial_ice, serial_ice_i, serial_ice_h,
          serial_ice_d, serial_ice_g, hangedman_glass_teeth,
          hangedman_incinerator
D:10:     layout_basic, grunt_lair_entry_orc_guard_hut
D:11:     layout_stronghold, uniq_maurice
Lair:1:   layout_roguey, infiniplex_staircase_pool_2
Lair:2:   layout_regular_city, minmay_shoals_entry_hut
Lair:3:   layout_misc_corridors, basic_altar, guppyfry_lair_drakes,
          uniq_amaemon, uniq_rupert
Abyss:4:  base: D:7, base: D:2, evilmike_abyss_exit_3, minivault_19,
          hangedman_abyss_mock_shop, dshaligram_kb_abyss_rune_zappy_water_cross,
          hangedman_abyss_or_decor_jellyfish_corner,
          hangedman_grunt_abyss_rune_horror_hoard

Skill      XL: |  1  2  3  4  5  6  7  8  9 10 11 12 |
---------------+-------------------------------------+-----
Armour         | 1 2 3 4 5 7 8 9 |  9.2
Fighting       | 4 5 6 7 8 10 | 10.8
Dodging        | 3 4 5 6 7 |  7.6
Axes           | 5 6 7 8 9 11 | 11.7
Invocations    | 1 3 4 6 7 9 |  9.3
Throwing       | 1 2 3 4 |  4.0
Evocations     | 1 2 3 5 |  5.0
Shields        | 1 |  1.2
Stealth        | |  1.5

Action                   |  1- 3 |  4- 6 |  7- 9 | 10-12 || total
-------------------------+-------+-------+-------+-------++-------
Melee: Hand axe          |    74 |   170 |   341 |   238 ||   823
       Punch             |     1 |     4 |     2 |     4 ||    11
       Kick              |       |       |    68 |    74 ||   142
       Executioner's axe |       |       |       |   140 ||   140
Throw: Boomerang         |     2 |    10 |       |    33 ||    45
       Dart              |     2 |    16 |     5 |    63 ||    86
Invok: Convert to Beogh  |     1 |       |       |       ||     1
       Smiting           |       |     1 |     1 |       ||     2
       Recall Orcish Fol |       |       |       |     8 ||     8
Evoke: Wand              |       |       |    23 |    14 ||    37
  Use: Scroll            |       |       |     7 |    13 ||    20
       Potion            |       |       |     3 |    20 ||    23
 Stab: Distracted        |       |       |     3 |     2 ||     5
Armor: Chain mail        |    67 |   134 |   184 |   184 ||   569
       Plate armour      |       |       |    23 |   136 ||   159
Dodge: Dodged            |    23 |    71 |   156 |   260 ||   510
Block: Buckler           |       |       |       |    23 ||    23

Table legend: (Time is in decaauts)
 A = Elapsed time spent in this place.
 B = Non-inter-level travel time spent in this place.
 C = Inter-level travel time spent in this place.
 D = Time resting spent in this place.
 E = Time spent auto-exploring this place.
 F = Levels seen in this place.
 G = Mean time per level.
                   A        B        C        D        E       F      G
               +--------+--------+--------+--------+--------+-----+--------+
         Total |  19404 |  18782 |    622 |   5039 |  10939 |  15 | 1293.6 |
       Dungeon |  16677 |  16123 |    554 |   4955 |   8861 |  11 | 1516.1 |
          Lair |   2454 |   2386 |     68 |     50 |   2078 |   3 |  818.0 |
         Abyss |    272 |    272 |      0 |     33 |      0 |   1 |  272.0 |
               +--------+--------+--------+--------+--------+-----+--------+

Top non-repeatable levels by time:
     D:9: 2922 daAuts
     D:5: 2231 daAuts
     D:2: 1948 daAuts
     D:8: 1620 daAuts
     D:6: 1509 daAuts
     D:7: 1448 daAuts
    D:11: 1301 daAuts
    D:10: 1289 daAuts
  Lair:1: 1259 daAuts
  Lair:2: 1176 daAuts
     D:3: 1165 daAuts
     D:4: 983 daAuts
 Abyss:4: 272 daAuts
     D:1: 255 daAuts
  Lair:3: 19 daAuts
